Map: 2000 Atmospheres LE

Players

Trap - Winner!

  • Race: Protoss Protoss
  • League: Master

DPGZest (Zest)

  • Race: Protoss Protoss

Event: TSL 7

VOD

Have the link to the VOD?

Description

Time

  • Played on: June 27, 2021, 1:22 p.m.
  • Length: 7:55

All games in this series

Show
View Real Time Build Order
Export as new Build Order

Trap Protoss - Winner!

Build Orders:  

Get SALT Encoding   

  12  0:00  Probe  
  13  0:12  Probe  
  14  0:17  Pylon  
  14  0:24  Probe (Chrono Boost)  
  15  0:36  Probe (Chrono Boost), Gateway  
  16  0:44  Probe (Chrono Boost)  
  16  0:49  Assimilator  
  17  0:50  Probe  
  18  0:59  Assimilator  
  18  1:03  Probe (Chrono Boost)  
  19  1:07  Gateway  
  19  1:13  Probe (Chrono Boost)  
  20  1:21  Probe  
  20  1:23  Cybernetics Core  
  21  1:33  Probe  
  21  1:35  Pylon  
  22  1:45  Probe  
  23  1:57  Probe  
  23  2:00  Stalker x2  
  28  2:03  Warp Gate  
  28  2:10  Pylon  
  28  2:23  Pylon  
  28  2:30  Stalker  
  28  2:32  Stalker  
  32  2:44  Probe  
  33  2:58  Nexus  
  33  3:00  Probe  
  33  3:04  Sentry  
  36  3:06  Sentry  
  36  3:12  Probe  
  38  3:21  Pylon  
  38  3:27  Twilight Council  
  38  3:28  Probe  
  39  3:40  Probe  
  34  3:51  Adept x2  
  34  3:52  Probe (Chrono Boost)  
  39  4:02  Probe (Chrono Boost)  
  40  4:04  Blink  
  41  4:10  Probe (Chrono Boost)  
  41  4:16  Shield Battery  
  42  4:17  Adept  
  42  4:18  Adept  
  42  4:22  Probe (Chrono Boost)  
  42  4:23  Probe (Chrono Boost)  
  44  4:31  Probe (Chrono Boost)  
  46  4:39  Probe (Chrono Boost)  
  46  4:40  Forge  
  46  4:41  Probe (Chrono Boost)  
  48  4:46  Probe x2 (Chrono Boost)  
  49  4:53  Stalker, Sentry  
  49  4:57  Probe x2  
  53  5:09  Probe x2, Protoss Ground Weapons Level 1 (Chrono Boost), Pylon  
  53  5:11  Robotics Facility  
  53  5:17  Assimilator  
  53  5:18  Pylon  
  53  5:22  Probe  
  53  5:23  Probe  
  55  5:29  Stalker x2  
  59  5:44  Gateway  
  59  5:45  Probe x2  
  59  5:47  Gateway  
  61  5:56  Stalker x2  
  63  5:58  Warp Prism (Chrono Boost)  
  63  6:21  Adept x2  
  65  6:26  Immortal (Chrono Boost)  
  65  6:30  Nexus  
  69  6:40  Stalker  
  69  6:41  Stalker x2  
  69  6:46  Pylon  
  75  6:51  Pylon  
  75  7:01  Immortal (Chrono Boost)  
  75  7:04  Adept  
  75  7:05  Adept  
  79  7:12  Stalker x2  
  83  7:16  Pylon  
  83  7:29  Stalker x2  
  87  7:33  Observer (Chrono Boost)  
  87  7:36  Stalker x2  
Show
View Real Time Build Order
Export as new Build Order

DPGZest Protoss 

Build Orders: Phoenix Opening 

Get SALT Encoding   

  12  0:00  Probe  
  13  0:12  Probe  
  14  0:17  Pylon  
  14  0:24  Probe (Chrono Boost)  
  15  0:36  Probe (Chrono Boost), Gateway  
  16  0:44  Probe (Chrono Boost)  
  16  0:46  Assimilator  
  17  0:51  Probe  
  18  1:03  Probe (Chrono Boost)  
  19  1:04  Assimilator  
  19  1:07  Gateway  
  19  1:12  Probe (Chrono Boost)  
  19  1:17  Probe (Chrono Boost)  
  20  1:24  Cybernetics Core  
  21  1:29  Probe  
  22  1:35  Pylon  
  22  1:41  Probe  
  23  1:53  Probe  
  24  2:01  Sentry, Stalker  
  28  2:02  Warp Gate (Chrono Boost)  
  28  2:09  Pylon  
  28  2:22  Pylon  
  28  2:27  Stalker  
  30  2:31  Stalker  
  30  2:34  Phoenix  
  32  2:52  Nexus  
  32  2:57  Sentry  
  34  3:02  Sentry  
  36  3:06  Shield Battery  
  36  3:14  Pylon  
  36  3:18  Probe  
  37  3:30  Probe  
  36  3:45  Probe (Chrono Boost)  
  36  3:47  Adept x2  
  39  3:50  Twilight Council  
  40  3:56  Probe (Chrono Boost)  
  40  4:01  Forge  
  40  4:03  Probe (Chrono Boost)  
  40  4:05  Probe (Chrono Boost)  
  42  4:14  Probe (Chrono Boost)  
  42  4:16  Probe (Chrono Boost)  
  44  4:22  Probe (Chrono Boost)  
  44  4:24  Probe (Chrono Boost)  
  44  4:27  Probe (Chrono Boost), Shield Battery  
  44  4:29  Stalker  
  45  4:31  Probe  
  45  4:32  Stalker  
  45  4:33  Phoenix  
  45  4:34  Blink (Chrono Boost)  
  45  4:37  Probe  
  49  4:43  Protoss Ground Weapons Level 1 (Chrono Boost)  
  49  4:44  Probe  
  50  4:53  Stalker  
  50  4:56  Shield Battery  
  52  5:03  Probe  
  52  5:06  Stalker  
  48  5:09  Probe  
  49  5:15  Probe  
  49  5:18  Gateway  
  50  5:21  Probe  
  50  5:26  Stalker  
  50  5:27  Probe  
  54  5:34  Nexus  
  54  5:37  Stalker  
  56  5:43  Gateway  
  56  5:44  Probe x2  
  58  5:57  Probe  
  58  5:58  Probe  
  58  6:00  Stalker  
  61  6:08  Stalker  
  61  6:09  Probe  
  61  6:10  Probe  
  59  6:19  Stalker  
  59  6:21  Probe  
  62  6:28  Pylon, Robotics Facility  
  62  6:40  Pylon  
  62  6:45  Probe x2, Stalker  
  62  6:46  Stalker x3  
  72  6:47  Probe  
  73  6:57  Probe x2  
  73  6:59  Probe  
  74  7:02  Shield Battery  
  74  7:09  Probe  
  74  7:14  Stalker x4  
  80  7:30  Probe x2  
  78  7:39  Zealot, Stalker x2  
  78  7:42  Probe  
Tags
 
Add a new tag
Caveats
  • Supply blocks, unpowered buildings, or Contaminate may cause inaccurate times.
  • Supply counts are checked every 10 seconds.